 Dungeon Crawl Stone Soup version 0.19.4-9-g45fd643 (webtiles) character file.

1313 Rrauwl the Shield-Bearer (level 8, -2/51 HPs)
             Began as a Gargoyle Fighter on Feb 19, 2017.
             Was a Believer of Okawaru.
             Slain by an orc priest
             ... wielding a +0 whip of distortion
              (22 damage)
             ... on level 5 of the Dungeon.
             The game lasted 00:21:41 (3550 turns).

Rrauwl the Shield-Bearer (Gargoyle Fighter)         Turns: 3550, Time: 00:21:41

Health: -2/51      AC: 17    Str: 21    XL:     8   Next: 58%
Magic:  8/8        EV:  5    Int:  9    God:    Okawaru [**....]
Gold:   275        SH: 16    Dex: 10    Spells: 0 memorised, 7 levels left

rFire  + . .     SeeInvis .     w - +1 whip (flame)
rCold  . . .     Gourm    .     j - +0 chain mail {rF+}
rNeg   + . .     Faith    .     n - +1 large shield
rPois  ∞         Spirit   .     i - +0 helmet
rElec  +         Reflect  .     (no cloak)
rCorr  .         Harm     .     (no gloves)
MR     .....                    b - +0 pair of boots
Stlth  ..........               t - amulet of rage
                                (no ring)
                                (no ring)

@: no status effects
A: talons 1, negative energy resistance 1, electricity resistance, unbreathing,
petrification resistance, rot immunity, AC +5
a: Heroism, Renounce Religion, Evoke Berserk Rage


You were on level 5 of the Dungeon.
You worshipped Okawaru.
Okawaru was pleased with you.
You were not hungry.

You visited 2 branches of the dungeon, and saw 7 of its levels.

You collected 275 gold pieces.

Inventory:

Hand Weapons
 w - a +1 whip of flaming (weapon)
Armour
 b - a +0 pair of boots (worn)
 i - a +0 helmet (worn)
 j - a +0 chain mail of fire resistance (worn)
 n - a +1 large shield (worn)
Jewellery
 t - an amulet of rage (around neck)
Scrolls
 c - 3 scrolls of identify
 e - a scroll of teleportation
 p - a scroll of enchant weapon
 u - a scroll of enchant armour
Potions
 d - 2 potions of might
 g - a potion of brilliance
 k - a potion of cancellation
Books
 m - a book of Misfortune

   Spells                             Type                      Level
   a - Confusing Touch                Hexes                        1
   b - Confuse                        Hexes                        3
   c - Gell's Gravitas                Hexes/Translocation          3
   d - Petrify                        Transmutation/Earth          4
   e - Metabolic Englaciation         Hexes/Ice                    5
   f - Yara's Violent Unravelling     Hexes/Transmutation          5
 y - a book of Air

   Spells                             Type                      Level
   a - Shock                          Conjuration/Air              1
   b - Swiftness                      Charms/Air                   2
   c - Repel Missiles                 Charms/Air                   2
   d - Static Discharge               Conjuration/Air              3
   e - Lightning Bolt                 Conjuration/Air              5
Comestibles
 f - 6 bread rations
 l - 3 meat rations
 o - a beef jerky
 v - a royal jelly


   Skills:
 + Level 5.7 Fighting
 + Level 4.8 Maces & Flails
 + Level 5.9 Armour
 + Level 2.9 Dodging
 + Level 1.4 Stealth
 + Level 6.0 Shields
 + Level 1.2 Invocations
 + Level 1.1 Evocations


You had 7 spell levels left.
You didn't know any spells.

Dungeon Overview and Level Annotations

Branches:
Dungeon (6/15)             Temple (1/1) D:4

Altars:
Ashenzari
Cheibriados
Dithmenos
Elyvilon
Fedhas
Gozag
Hepliaklqana
Kikubaaqudgha
Makhleb
Nemelex Xobeh
Okawaru
Qazlal
Ru
Sif Muna
Trog
Uskayaw
Vehumet
Xom
Yredelemnul
Zin
The Shining One


Innate Abilities, Weirdness & Mutations

You are resistant to torment.
Your stone body is resilient. (AC +5)
You are immune to poison.
You resist negative energy. (rN+)
You are resistant to electric shocks. (rElec)
You can survive without breathing.
You are immune to petrification.
You are immune to rotting.
You have sharp toenails.


Message History

The orc priest is heavily wounded.
You block the orc's attack.
The orc priest calls down the wrath of Beogh upon you.
Beogh smites you!
You hit the orc priest but do no damage.
The orc priest is heavily wounded.
You block the orc's attack. You block the orc priest's attack.
An orc comes into view. It is wielding a flail.
You hit the orc priest. You burn the orc priest.
The orc priest is severely wounded.
You block the orc's attack.
The orc priest calls down the wrath of Beogh upon you.
Beogh smites you!
An orc comes into view. It is wielding a hand axe.
You closely miss the orc priest.
The orc priest is severely wounded.
The orc priest begins to cast a cantrip, but forgets the words!
The orc priest hits you but does no damage.
Space warps horribly around you!
You die... ...##..# ###[#..# ....#..# ###.#..### ...##...... # #.##..##### o# .....##### ###o# ........<# #ooo#

########.#######@######
....####.#..)...........
[..........#####.#######
###.####>..# #.# ###.#
#...# #.# ..#.# ##.##
#.# #...# #.# #.# #...#
#.# #.# #.#.#####.## .#


You could see 2 orc priests and 3 orcs.

Vanquished Creatures
  Pikel (D:4)
  Duvessa (D:4)
  A sky beast (D:4)
  An ogre (D:4)
  A centaur (D:5)
  A bullfrog skeleton (D:4)
  A hound (D:4)
  2 orc wizards (D:4)
  4 orc priests
  Jessica (D:2)
  3 worker ants
  Robin (D:4)
  3 adders
  A howler monkey skeleton (D:4)
  A shadow imp (D:5)
  An ooze (D:2)
  2 dart slugs
  A leopard gecko (D:1)
  15 orcs
  A ball python (D:1)
  8 giant cockroaches
  16 goblins
  5 hobgoblins
  8 jackals
  2 kobolds (D:2)
  7 bats
  5 frilled lizards
  2 quokka skeletons
  6 rats
102 creatures vanquished.

Vanquished Creatures (others)
  2 slaves (D:4)
  Dowan (D:4)
  An orc priest (D:4)
  An orc (D:4)
  A hobgoblin (D:4)
  2 goblins (D:4)
8 creatures vanquished.

Grand Total: 110 creatures vanquished

Notes
Turn   | Place    | Note
-------+----------+-------------------------------------------
     0 | D:1      | Rrauwl the Gargoyle Fighter began the quest for the Orb.
     0 | D:1      | Reached XP level 1. HP: 14/14 MP: 1/1
    64 | D:1      | Reached XP level 2. HP: 19/19 MP: 2/2
   250 | D:1      | Reached XP level 3. HP: 20/23 MP: 3/3
   443 | D:2      | Noticed Jessica
   460 | D:2      | Killed Jessica
   460 | D:2      | Reached skill level 4 in Shields
   460 | D:2      | Reached XP level 4. HP: 28/29 MP: 4/4
  1227 | D:3      | Reached XP level 5. HP: 31/33 MP: 5/5
  1354 | D:3      | You fall through a shaft for 3 floors!
  1365 | D:5      | Entered Level 5 of the Dungeon
  1414 | D:5      | Noticed a centaur
  1427 | D:5      | Killed a centaur
  1427 | D:5      | Reached skill level 1 in Dodging
  1427 | D:5      | Reached XP level 6. HP: 19/38 MP: 6/6
  1509 | D:5      | Got a jewelled leather armour
  1520 | D:5      | Identified the +2 leather armour of Hedonism {rPois} (You found it on level 5 of the Dungeon)
  1708 | D:4      | Found a staircase to the Ecumenical Temple.
  1734 | Temple   | Entered the Ecumenical Temple
  1787 | Temple   | Became a worshipper of Warmaster Okawaru
  2530 | D:4      | Noticed a slave
  2530 | D:4      | Noticed a slave
  2531 | D:4      | Noticed Pikel
  2541 | D:4      | Noticed a slave
  2544 | D:4      | Noticed a slave
  2547 | D:4      | Killed Pikel
  2547 | D:4      | Reached * piety under Okawaru
  2547 | D:4      | Reached ** piety under Okawaru
  2547 | D:4      | Reached skill level 5 in Fighting
  2547 | D:4      | Reached skill level 5 in Armour
  2547 | D:4      | Reached skill level 5 in Shields
  2547 | D:4      | Reached XP level 7. HP: 44/44 MP: 7/7
  2547 | D:4      | Reached XP level 8. HP: 49/49 MP: 8/8
  2913 | D:4      | Noticed Robin
  2965 | D:4      | Killed Robin
  3016 | D:4      | Noticed Dowan
  3016 | D:4      | Noticed Duvessa
  3044 | D:4      | Killed Duvessa
  3057 | D:4      | Killed Dowan
  3081 | D:4      | Reached skill level 1 in Evocations
  3322 | D:4      | Reached skill level 1 in Stealth
  3322 | D:4      | Reached skill level 1 in Invocations
  3406 | D:4      | Reached skill level 6 in Shields
  3530 | D:4      | Gained mutation: You have sharp toenails. [potion of beneficial mutation]
  3550 | D:5      | Slain by an orc priest

Skill      XL: |  1  2  3  4  5  6  7  8 |
---------------+-------------------------+-----
Shields        | 4 5 6 |  6.0
Maces & Flails | 3 4 |  4.8
Fighting       | 4 5 |  5.7
Armour         | 4 5 |  5.9
Dodging        | 1 2 |  2.9
Evocations     | 1 |  1.1
Stealth        | 1 |  1.4
Invocations    | 1 |  1.2

Action                   |  1- 3 |  4- 6 |  7- 9 || total
-------------------------+-------+-------+-------++-------
Melee: Flail             |    80 |   149 |       ||   229
       Whip              |       |       |   224 ||   224
 Abil: Evoke Berserk Rag |       |     1 |       ||     1
  Use: Scroll            |       |     6 |     6 ||    12
       Potion            |       |     3 |     4 ||     7
  Eat: Chunk             |       |     6 |     4 ||    10
Armor: Scale mail        |    51 |    42 |       ||    93
       Chain mail        |       |    15 |    91 ||   106
       Leather armour    |       |     3 |       ||     3
Dodge: Dodged            |    34 |    29 |    19 ||    82
Block: Shield            |    50 |       |       ||    50
       Large shield      |       |   115 |   149 ||   264
